 Dungeon Crawl Stone Soup version 0.32-a0-433-g08bcfe7efd (webtiles) character file.

Game seed: 11450062038973370706

4 ezpacito the Trooper (level 1, -3/18 HPs)
             Began as a Demonspawn Chaos Knight on Feb 22, 2024.
             Was a Plaything of Xom.
             Frozen to death by an endoplasm (4 damage)
             ... on level 1 of the Dungeon.
             The game lasted 00:00:07 (58 turns).

ezpacito the Trooper (Demonspawn Chaos Knight)        Turns: 58, Time: 00:00:08

Health: -3/18      AC:  5    Str: 12    XL:     1   Next: 58%
Magic:  1/1        EV: 11    Int: 12    God:    Xom [.*....]
Gold:   11         SH:  0    Dex: 12    Spells: 0/0 levels left

rFire   . . .        a - +0 hand axe (chaos)
rCold   . . .        (no shield)
rNeg    . . .        b - +2 leather armour
rPois   .            (no helmet)
rElec   .            (no cloak)
rCorr   .            (no gloves)
SInv    .            (no boots)
Will    .....        (no amulet)
Stlth   +            (no ring)
HPRegen 0.23/turn    (no ring)
MPRegen 0.07/turn

%: no passive effects
@: no status effects
A: no striking features
a: Renounce Religion


You were on level 1 of the Dungeon.
You worshipped Xom.
You were a plaything of Xom.
You visited 1 branch of the dungeon, and saw 1 of its levels.

You collected 11 gold pieces.

Inventory:

Hand Weapons
 a - a +0 hand axe of chaos (weapon)
Armour
 b - a +2 leather armour (worn)
Scrolls
 c - a scroll of butterflies


   Skills:
 * Level 3.0 Fighting
 * Level 2.7 Axes
 * Level 1.8 Armour
 * Level 1.0 Dodging
 + Level 0.0 Stealth
 * Level 0.2 Unarmed Combat
 + Level 0.0 Spellcasting


You couldn't memorise any spells.
You didn't know any spells.
Your spell library was empty.

Dungeon Overview and Level Annotations

Branches:
Dungeon (1/15)

Altars:


Message History

You now have 11 gold pieces.
A goblin comes into view. It is wielding a +0 dagger.
The goblin shouts!
Xom almost notices you.
You do an impromptu tapdance.
You are now a plaything of Xom.
A goblin is nearby!
Found a scroll labelled DAASHI NUERUU.
The goblin hits you with a +0 dagger.
You barely miss the goblin.
A kobold comes into view. It is wielding a +0 whip.
The goblin barely misses you.
You barely miss the goblin.
The kobold shouts!
The goblin hits you but does no damage.
You barely miss the goblin.
An endoplasm comes into view.
The goblin barely misses you.
You hit the goblin. You freeze the goblin.
You kill the goblin!
The kobold throws a stone.
The stone hits you but does no damage.
Your Dodging skill increases to level 1!
Things that are here:
a +0 dagger; a goblin corpse
There are monsters nearby!
There are monsters nearby!
The endoplasm barely misses you.
You hit the endoplasm.
The endoplasm is moderately wounded.
You hit the kobold.
The kobold seems to grow stronger.
The endoplasm hits you. The kobold hits you with a +0 whip.
You barely miss the endoplasm.
The endoplasm is moderately wounded.
You closely miss the kobold. The kobold hits you with a +0 whip.
The endoplasm freezes you.
You are frozen.
The kobold hits you with a +0 whip.
* * * LOW HITPOINT WARNING * * *
The endoplasm freezes you.
You are frozen.
You die...

#..# #.## #.#
######.## #.....†.#
#.......#
#####.......#
#..#####...#.......#
#...J@)...........#
##..K.....#.......#
#..###.####.......#
#.. ..?# #.......#
... #.#### #.......#
.# # ..####### ###


You could see an endoplasm and a kobold (strong).

Vanquished Creatures
  An endoplasm (D:1)
  A giant cockroach (D:1)
  A goblin (D:1)
  A bat (D:1)
4 creatures vanquished.

Notes
Turn   | Place    | Note
-------+----------+-------------------------------------------
     0 | D:1      | ezpacito the Demonspawn Chaos Knight began the quest for
                  | the Orb.
     0 | D:1      | Reached XP level 1. HP: 18/18 MP: 1/1
    47 | D:1      | XOM: silly message
    55 | D:1      | Reached skill level 1 in Dodging
    58 | D:1      | Frozen to death by an endoplasm

Illustrated notes

Levels and vault maps discovered:
D:1:      dpeg_arrival_shrine, layout_rooms, ebering_ecumenical_altar_abandoned

Skill      XL: |  1 |
---------------+----+-----
Dodging        | 1 |  1.0
Fighting       | |  3.0
Axes           | |  2.7
Armour         | |  1.8
Unarmed Combat | |  0.2

Action                     || total
---------------------------++-------
  Melee: Hand axe          ||    15
 Armour: Leather armour    ||    10
  Dodge: Dodged            ||     8

Table legend: (Time is in decaauts)
 A = Elapsed time spent in this place.
 B = Non-inter-level travel time spent in this place.
 C = Inter-level travel time spent in this place.
 D = Time resting spent in this place.
 E = Time spent auto-exploring this place.
 F = Levels seen in this place.
 G = Mean time per level.
                   A        B        C        D        E       F      G
               +--------+--------+--------+--------+--------+-----+--------+
         Total |     60 |     60 |      0 |      0 |     35 |   1 |   60.0 |
       Dungeon |     60 |     60 |      0 |      0 |     35 |   1 |   60.0 |
               +--------+--------+--------+--------+--------+-----+--------+

Top non-repeatable levels by time:
     D:1: 60 daAuts
